 Dungeon Crawl Stone Soup version 0.28-a0-1227-ga9037bb4c8 (webtiles) character file.

Game seed: 17888588420106405713

82 siradein the Firebug (level 4, -4/33 HPs)
             Began as a Draconian Fire Elementalist on Dec 22, 2021.
             Slain by Terence (11 damage)
             ... on level 2 of the Dungeon.
             The game lasted 00:04:05 (2304 turns).

siradein the Firebug (Draconian Fire Elementalist)  Turns: 2304, Time: 00:04:05

Health: -4/33      AC:  6    Str: 10    XL:     4   Next: 21%
Magic:  4/8        EV: 12    Int: 18    God:
Gold:   123        SH:  0    Dex: 11    Spells: 5/8 levels left

rFire   . . .      SeeInvis .   d - +2 short sword (elec)
rCold   . . .      Faith    .   (no shield)
rNeg    . . .      Spirit   .   (armour unavailable)
rPois   .          Reflect  .   (helmet restricted)
rElec   .          Harm     .   k - +0 cloak {Stlth+}
rCorr   .          Rampage  .   (no gloves)
Will    .....                   (no boots)
Stlth   +++.......              (no amulet)
HPRegen 0.11/turn               (no ring)
MPRegen 0.11/turn               (no ring)

@: no status effects
A: AC +5, unfitting armour, cold-blooded
a: no special abilities


You were on level 2 of the Dungeon.
You visited 1 branch of the dungeon, and saw 2 of its levels.

You collected 123 gold pieces.

Inventory:

Hand Weapons
 d - a +2 short sword of electrocution (weapon)
Armour
 k - a +0 cloak of stealth (worn)
Scrolls
 c - a scroll of blinking {unknown}
 e - a scroll of magic mapping {unknown}
 f - a scroll of identify {unknown}
 g - a scroll of vulnerability {unknown}
 i - 2 scrolls of fog {unknown}
 j - a scroll of amnesia {unknown}
 l - a scroll of fear {unknown}
Potions
 a - 2 potions of might {unknown}
 b - a potion of resistance {unknown}
 h - a potion of lignification {unknown}


   Skills:
 + Level 2.5 Dodging
 - Level 2.0 Stealth
 + Level 2.6 Spellcasting
 + Level 2.0 Conjurations
 + Level 3.6 Fire Magic


You had 5 spell levels left.
You knew the following spells:

 Your Spells              Type           Power      Damage    Failure   Level
a - Foxfire               Conj/Fire      48%        2x1d6     5%          1
b - Scorch                Fire           30%        2d7       6%          2

Your spell library contained the following spells:

 Spells                   Type           Power      Damage    Failure   Level
 Conjure Flame            Conj/Fire      12%        6-21      16%         3
 Inner Flame              Hex/Fire       8%         N/A       24%         3
 Sublimation of Blood     Necr           2%         N/A       26%         2
 Wereblood                Tmut           2%         N/A       26%         2
 Flame Wave               Conj/Fire      12%        2d5       47%         4
 Summon Hydra             Summ           1%         N/A       100%        7


Dungeon Overview and Level Annotations

Branches:
Dungeon (2/15)

Altars:

Annotations:
D:2 Terence


Innate Abilities, Weirdness & Mutations

Your plain brown scales are hard. (AC +5)
You cannot fit into any form of body armour.
You are cold-blooded and may be slowed by cold attacks.


Message History

Confirm with . or Enter, or press ? or * to list all spells.
Flames lash Terence.
Terence is heavily wounded.
Terence's fire resistance burns away.
Terence is no longer more vulnerable to fire.
Terence says, "You're history."
Casting: Scorch (safe; 6% risk of failure)
Confirm with . or Enter, or press ? or * to list all spells.
You conjure some foxfire!
Terence hits you with a +3 falchion of holy wrath!
* * * LOW HITPOINT WARNING * * *
The foxfire hits Terence but does no damage.
Terence is heavily wounded.
The foxfire hits Terence.
Terence is severely wounded.
Terence says, "Did you write a will?
You should..."
Casting: Foxfire (safe; 5% risk of failure)
Confirm with . or Enter, or press ? or * to list all spells.
You conjure some foxfire!
Terence barely misses you.
The foxfire hits Terence but does no damage.
Terence is severely wounded.
The foxfire hits Terence but does no damage.
Terence is severely wounded.
Terence screams, "I'm going to kill you!"
Casting: Foxfire (safe; 5% risk of failure)
Confirm with . or Enter, or press ? or * to list all spells.
You conjure some foxfire!
Terence hits you with a +3 falchion of holy wrath.
* * * LOW HITPOINT WARNING * * *
The foxfire hits Terence but does no damage.
Terence is severely wounded.
The foxfire hits Terence but does no damage.
Terence is severely wounded.
Terence says, "Time to say good-bye..."
Terence closely misses you.
Casting: Foxfire (safe; 5% risk of failure)
Confirm with . or Enter, or press ? or * to list all spells.
You conjure some foxfire!
Terence hits you with a +3 falchion of holy wrath!
You die...

.....# ..... #...##.# .....+ .!..
#...##.# .....# ....
#.####.############
.....##########.####............#
'###..................########.##
......#.##............# #.#
#####.#.##............#### #.#
..# #.#.##......@v....+..#####.#
......#.##......@.....##.##....#
#######.####....v........##.####
..# ################.# ###
#.......# #.# #.#...#.# #.#
#.#.#.#.# #.# #.#.#.#.# #.#
#.#.#.#.# #.# #.#.#.#.# #.#


You could see Terence (ally target).

Vanquished Creatures
  A jelly (D:2)
  3 dart slugs (D:1)
  6 endoplasms
  7 goblins
  4 hobgoblins (D:1)
  A quokka (D:1)
  3 ball pythons (D:1)
  5 bats
  2 frilled lizards (D:2)
  8 kobolds
  A rat (D:1)
41 creatures vanquished.

Vanquished Creatures (others)
  115 foxfires
  11 fungi
  3 plants (D:1)
  11 toadstools (D:2)
140 creatures vanquished.

Grand Total: 181 creatures vanquished

Notes
Turn   | Place    | Note
-------+----------+-------------------------------------------
     0 | D:1      | siradein the Draconian Fire Elementalist began the quest
                  | for the Orb.
     0 | D:1      | Reached XP level 1. HP: 14/14 MP: 3/3
   162 | D:1      | Reached XP level 2. HP: 20/20 MP: 1/5
   204 | D:1      | Found a faded altar of an unknown god.
   728 | D:1      | Learned a level 2 spell: Scorch
   849 | D:1      | Reached XP level 3. HP: 26/26 MP: 4/6
  1703 | D:2      | Reached XP level 4. HP: 33/33 MP: 4/7
  2183 | D:2      | Noticed Terence
  2304 | D:2      | Slain by Terence

Illustrated notes

Levels and vault maps discovered:
D:1:      co_arrival_square_in_a_square_in_a_square, layout_loops_ring,
          dreamdust_ecumenical_altar_grove, minmay_misc_feat_encased,
          serial_bayou_crossing
D:2:      cheibrodos_fertilizer, layout_basic, minivault_25, minivault_19,
          uniq_terence

Skill      XL: |  1  2  3 |
---------------+----------+-----
Stealth        | 2 |  2.0
Dodging        | 2 |  2.5
Conjurations   | 2 |  2.0
Spellcasting   | |  2.6
Fire Magic     | |  3.6

Action                   |  1- 3 |  4- 6 || total
-------------------------+-------+-------++-------
Melee: Short sword       |     1 |       ||     1
 Cast: Foxfire           |    55 |    19 ||    74
       Scorch            |       |     2 ||     2
Armor: Skin              |     5 |       ||     5
Dodge: Dodged            |     8 |     8 ||    16

Table legend: (Time is in decaauts)
 A = Elapsed time spent in this place.
 B = Non-inter-level travel time spent in this place.
 C = Inter-level travel time spent in this place.
 D = Time resting spent in this place.
 E = Time spent auto-exploring this place.
 F = Levels seen in this place.
 G = Mean time per level.
                   A        B        C        D        E       F      G
               +--------+--------+--------+--------+--------+-----+--------+
         Total |   2312 |   2272 |     40 |      0 |   1870 |   2 | 1156.0 |
       Dungeon |   2312 |   2272 |     40 |      0 |   1870 |   2 | 1156.0 |
               +--------+--------+--------+--------+--------+-----+--------+

Top non-repeatable levels by time:
     D:1: 1181 daAuts
     D:2: 1130 daAuts
